 Dungeon Crawl Stone Soup version 0.28-a0-750-g7c675f85b1 (webtiles) character file.

Game seed: 7412206207361757006

322 ytrimaz the Skirmisher (level 6, -3/48 HPs)
             Began as a Demonspawn Gladiator on Oct 29, 2021.
             Slain by a kobold brigand (10 damage)
             ... in a sewer.
             The game lasted 00:02:55 (4673 turns).

ytrimaz the Skirmisher (Demonspawn Gladiator)       Turns: 4673, Time: 00:02:56

Health: -3/48      AC:  5    Str: 16    XL:     6   Next: 22%
Magic:  6/6        EV: 12    Int: 10    God:
Gold:   69         SH:  0    Dex: 14    Spells: 5/5 levels left

rFire   . . .      SeeInvis .   a - +0 war axe
rCold   . . .      Faith    .   (no shield)
rNeg    . . .      Spirit   .   b - +0 leather armour
rPois   .          Reflect  .   c - +1 helmet
rElec   .          Harm     .   (no cloak)
rCorr   .          Rampage  .   (no gloves)
Will    .....                   (no boots)
Stlth   +.........              (no amulet)
HPRegen 0.16/turn               (no ring)
MPRegen 0.10/turn               (no ring)

@: slowed, very slow
A: claws 1, demonic guardian 1
a: no special abilities


You were in a sewer.
You visited 1 branch of the dungeon, and saw 3 of its levels.
You also visited: Sewer.

You collected 69 gold pieces.

Inventory:

Hand Weapons
 a - a +0 war axe (weapon)
Missiles
 d - 3 throwing nets (quivered)
Armour
 b - a +0 leather armour (worn)
 c - a +1 helmet (worn)
Jewellery
 e - a ring of fire
 o - a ring of ice
Scrolls
 l - a scroll of immolation {unknown}
 p - a scroll of teleportation
 q - a scroll of fear
 s - a scroll of blinking {unknown}
Potions
 f - a potion of lignification
 g - 2 potions of haste {unknown}
 h - a potion of attraction {unknown}
 i - 2 potions of curing {unknown}
 j - a potion of mutation {unknown}
 k - a potion of brilliance {unknown}
 m - a potion of degeneration {unknown}
 n - a potion of heal wounds {unknown}
 r - a potion of cancellation {unknown}


   Skills:
 * Level 4.0 Fighting
 - Level 3.3 Axes
 - Level 1.7 Throwing
 * Level 3.1 Armour
 + Level 3.3 Dodging
 * Level 1.5 Unarmed Combat


You had 5 spell levels left.
You didn't know any spells.
Your spell library contained the following spells:

 Spells                   Type           Power      Damage    Failure   Level
 Apportation              Tloc           0%         N/A       41%         1
 Gell's Gravitas          Tloc           0%         N/A       80%         3
 Teleport Other           Tloc           0%         N/A       80%         3
 Dispersal                Tloc           0%         N/A       100%        6


Dungeon Overview and Level Annotations

Branches:
Dungeon (3/15)              Sewer (1/1)

Altars:
Kikubaaqudgha


Innate Abilities, Weirdness & Mutations

You have sharp fingernails.
A weak demonic guardian rushes to your aid.


Message History

You are too injured to fight recklessly!
You are too injured to fight recklessly!
You are too injured to fight recklessly!
You are too injured to fight recklessly!
You are too injured to fight recklessly!
You are too injured to fight recklessly!
You are too injured to fight recklessly!
You hit the kobold brigand.
The kobold brigand is lightly wounded.
You hit the endoplasm but do no damage.
You feel very sick. The endoplasm barely misses you.
The kobold brigand splashes around in the water.
The endoplasm splashes around in the water.
The kobold brigand splashes around in the water.
You slash the kobold brigand!
The kobold brigand is moderately wounded.
You hit the endoplasm.
You feel sick. The endoplasm freezes you.
You are frozen.
* * * LOW HITPOINT WARNING * * *
The kobold brigand splashes around in the water.
The endoplasm hits you but does no damage.
The kobold brigand barely misses you.
You hit the kobold brigand but do no damage.
The kobold brigand is moderately wounded.
You slash the endoplasm!
You kill the endoplasm!
You feel sick.
You are no longer poisoned.
The kobold brigand barely misses you.
The kobold brigand hits you with a +0 whip!
* * * LOW HITPOINT WARNING * * *
A demonic guardian appears!
You closely miss the kobold brigand.
The kobold brigand is moderately wounded.
The kobold brigand splashes around in the water.
Your iron imp hits the kobold brigand but does no damage.
The kobold brigand hits you with a +0 whip!
You die...

#≈..##
##..≈#
#≈≈≈#
#≈≈.#
#...#
#≈≈≈#
##≈≈≈##
##≈≈.#
#≈≈.≈≈#
#≈≈≈≈≈
#≈###≈#
#≈###≈
#.# #≈#
#≈# #≈
##≈###≈##
##≈###≈
#5@≈#≈≈.#
#≈.≈#.)
#K#≈#≈#≈#
#≈#≈#≈#
#≈ ≈#≈#≈#
#≈#≈#≈#
#≈ ≈#≈#≈#
#≈#≈#≈#
#. .#.#.#
#.#.#.#
## ######
#######


You could see a kobold brigand (ally target) and a friendly iron imp (summoned).

Vanquished Creatures
  A kobold brigand (Sewer)
  A water moccasin skeleton (D:2)
  An orc priest (D:3)
  5 adders
  2 worms (Sewer)
  2 dart slugs (D:1)
  An orc (D:3)
  8 endoplasms
  2 giant cockroaches
  2 goblins
  5 hobgoblins
  2 jackals (D:1)
  3 quokkas
  9 ball pythons
  6 bats
  4 frilled lizards
  8 kobolds
  9 rats
71 creatures vanquished.

Vanquished Creatures (collateral kills)
  An orc wizard (D:3)
  An adder (D:2)
  A worm (D:2)
  2 orcs (D:3)
  A quokka (D:2)
  A frilled lizard (D:2)
7 creatures vanquished.

Grand Total: 78 creatures vanquished

Notes
Turn   | Place    | Note
-------+----------+-------------------------------------------
     0 | D:1      | ytrimaz the Demonspawn Gladiator began the quest for the
                  | Orb.
     0 | D:1      | Reached XP level 1. HP: 16/16 MP: 1/1
   174 | D:1      | Gained mutation: A weak demonic guardian rushes to your
                  | aid. [demonic ancestry]
   174 | D:1      | Reached XP level 2. HP: 17/22 MP: 2/2
   901 | D:1      | Reached XP level 3. HP: 27/28 MP: 3/3
  1282 | D:2      | Found a faded altar of an unknown god.
  1362 | D:2      | Got Plato's Almanac of Orientation
  1532 | D:2      | Reached skill level 1 in Armour
  2193 | D:2      | Gained mutation: You have sharp fingernails. [demonic
                  | ancestry]
  2193 | D:2      | Reached XP level 4. HP: 32/34 MP: 4/4
  2233 | D:2      | Reached skill level 3 in Fighting
  2898 | D:3      | Found a glowing drain.
  2915 | D:3      | Reached XP level 5. HP: 36/41 MP: 5/5
  2923 | D:3      | Reached skill level 1 in Unarmed Combat
  2930 | D:3      | Found an ancient bone altar of Kikubaaqudgha.
  2943 | Sewer    | Entered a sewer
  4417 | Sewer    | Reached XP level 6. HP: 26/48 MP: 6/6
  4594 | Sewer    | Reached skill level 4 in Fighting
  4673 | Sewer    | Slain by a kobold brigand

Illustrated notes

Levels and vault maps discovered:
D:1:      minmay_arrival_up_and_down, layout_basic, solitary_fountain,
          chequers_decorated_corner
D:2:      layout_basic, shapermc_ecumenical_altar_rom_forum, bh_walls_and_bars
D:3:      layout_basic, mainiacjoe_overflow_six_doors_small,
          mainiacjoe_overflow_alcove_1, nicolae_dithmenos_shadow_blocks,
          tgw_kikubaaqudgha, cheibrodos_sewer_entry_drain, uniq_ijyb,
          uniq_jessica
Sewer:    sewer_co_tree

Skill      XL: |  1  2  3  4  5  6 |
---------------+-------------------+-----
Axes           | 3 |  3.3
Dodging        | 3 |  3.3
Armour         | 1 2 3 |  3.1
Fighting       | 3 4 |  4.0
Unarmed Combat | 1 |  1.5
Throwing       | |  1.7

Action                   |  1- 3 |  4- 6 || total
-------------------------+-------+-------++-------
Melee: War axe           |   122 |   142 ||   264
       Punch             |       |     1 ||     1
  Use: Scroll            |     4 |       ||     4
       Potion            |       |     1 ||     1
 Stab: Sleeping          |     2 |       ||     2
Armor: Leather armour    |    44 |    61 ||   105
       Skin              |       |    13 ||    13
Dodge: Dodged            |    96 |    87 ||   183

Table legend: (Time is in decaauts)
 A = Elapsed time spent in this place.
 B = Non-inter-level travel time spent in this place.
 C = Inter-level travel time spent in this place.
 D = Time resting spent in this place.
 E = Time spent auto-exploring this place.
 F = Levels seen in this place.
 G = Mean time per level.
                   A        B        C        D        E       F      G
               +--------+--------+--------+--------+--------+-----+--------+
         Total |   4894 |   4803 |     91 |    889 |   3245 |   4 | 1223.5 |
       Dungeon |   2999 |   2908 |     91 |    481 |   2008 |   3 |  999.7 |
         Sewer |   1895 |   1895 |      0 |    408 |   1237 |   1 | 1895.0 |
               +--------+--------+--------+--------+--------+-----+--------+

Top non-repeatable levels by time:
   Sewer: 1895 daAuts
     D:2: 1851 daAuts
     D:1: 1094 daAuts
     D:3: 52 daAuts
